 Dungeon Crawl Stone Soup version 0.32-a0-18-g89e19f1974 (webtiles) character file.

Game seed: 17636746007622023542

134005 Lobster4 the Markshuman (level 17, 0/128 HPs)
             Began as a Human Artificer on Jan 16, 2024.
             Was the Champion of Makhleb.
             Slain by a fenstrider witch (16 damage)
             ... while paralysed by a fenstrider witch
             ... on level 3 of the Swamp.
             The game lasted 01:45:19 (33710 turns).

Lobster4 the Markshuman (Human Artificer)          Turns: 33710, Time: 01:45:19

Health: 0/128      AC: 27    Str: 14    XL:     17   Next: 16%
Magic:  36/36      EV:  2    Int: 16    God:    Makhleb [******]
Gold:   886        SH:  0    Dex: 16    Spells: 16/30 levels left

rFire   . . .        b - +9 hand cannon (freeze)
rCold   + . .        Q - +1 buckler {rC+}
rNeg    + . .        U - +4 scale mail of the Game of Life {rPois rN+ rCorr MP+9}
rPois   +            Z - +2 helmet
rElec   .            F - +2 cloak {rCorr}
rCorr   +            n - +2 pair of gloves
SInv    .            f - +2 pair of boots
Will    ++...        E - amulet of reflection Stlth
                     e - ring of willpower
HPRegen 0.41/turn    o - ring of flight
MPRegen 0.25/turn

%: reflection
@: paralysed, flying
A: explore regen
a: Renounce Religion, Minor Destruction, Lesser Servant of Makhleb, Major
Destruction, Greater Servant of Makhleb


You were on level 3 of the Swamp.
You worshipped Makhleb.
Makhleb was exalted by your worship.
You visited 7 branches of the dungeon, and saw 28 of its levels.
You also visited: Ice Cave.

You collected 2747 gold pieces.
You spent 1861 gold pieces at shops.

Inventory:

Hand Weapons
 a - the +8 spear of Kebosylo {flame, +Blink}
   (You bought it in a shop on level 12 of the Dungeon)

   +Blink:    It lets you blink.
 b - a +9 hand cannon of freezing (weapon)
 c - the +5 broad axe of Hutann {antimagic, rF+ Str+4 Dex+2 Stlth+}
   (You found it on level 2 of the Swamp)

   Str+4:     It affects your strength (+4).
   Dex+2:     It affects your dexterity (+2).
   rF+:       It protects you from fire.
   Stlth+:    It makes you more stealthy.
 R - a +2 rapier of freezing
Missiles
 S - a throwing net
Armour
 f - a +2 pair of boots (worn)
 k - +0 fire dragon scales
 n - a +2 pair of gloves (worn)
 F - a +2 cloak of preservation (worn)
 Q - a +1 buckler of cold resistance (worn)
 T - a +1 robe of resistance
 U - the +4 scale mail of the Game of Life (worn) {rPois rN+ rCorr MP+9}
   (You bought it in a shop on level 2 of the Orcish Mines)

   rPois:     It protects you from poison rN+: It protects you from negative
   energy.
   MP+9:      It affects your magic capacity (+9).
   rCorr:     It protects you from acid and corrosion.
 Z - a +2 helmet (worn)
Magical Staves
 x - a staff of fire
Jewellery
 d - a +4 ring of slaying
 e - a ring of willpower (left hand)
 o - a ring of flight (right hand)
 s - a ring of protection from cold
 E - an amulet of reflection (around neck)
 G - a ring of positive energy
 K - a ring of see invisible
Wands
 g - a wand of mindburst (11)
 u - a wand of acid (14)
 w - a wand of polymorph (17)
 y - a wand of flame (51)
 D - a wand of charming (4)
 M - a wand of paralysis (22)
 Y - a wand of iceblast (19)
Scrolls
 i - 2 scrolls of identify
 m - 4 scrolls of noise
 q - 6 scrolls of teleportation
 z - 5 scrolls of amnesia
 J - 2 scrolls of revelation
 L - 2 scrolls of fog
 N - a scroll of acquirement
 X - a scroll of brand weapon
Potions
 h - 3 potions of haste
 l - a potion of curing
 r - 3 potions of cancellation
 t - 6 potions of ambrosia
 v - 3 potions of mutation
 A - a potion of might
 C - 3 potions of enlightenment
 H - 3 potions of heal wounds
 I - 3 potions of attraction
 O - 3 potions of invisibility
 W - 2 potions of resistance
Miscellaneous
 B - a phial of floods
 V - a box of beasts


   Skills:
 - Level 10.0 Fighting
 - Level 3.0 Short Blades
 - Level 6.0 Polearms
 + Level 16.4 Ranged Weapons
 - Level 12.0 Armour
 - Level 10.0 Dodging
 - Level 1.0 Stealth
 - Level 7.0 Shields
 - Level 7.0 Spellcasting
 - Level 7.0 Conjurations
 + Level 2.0 Air Magic
 - Level 10.0 Earth Magic
 + Level 1.9 Alchemy
 - Level 7.0 Invocations
 - Level 5.0 Evocations


You had 16 spell levels left.
You knew the following spells:

 Your Spells              Type           Power      Damage    Failure   Level
a - Sandblast             Erth           74%        2d16      1%          1
b - Stone Arrow           Conj/Erth      64%        3d11      4%          3
c - Brom's Barrelling Bo  Conj/Erth      32%        2d5       14%         4
d - Mephitic Cloud        Conj/Alch/Air  17%        N/A       32%         3
p - Passwall              Erth           37%        N/A       2%          3

Your spell library contained the following spells:

 Spells                   Type           Power      Damage    Failure   Level
 Mercury Vapours          Alch/Air       22%        N/A       32%         2
 Dazzling Flash           Conj/Hex       32%        N/A       32%         3
 Cigotuvi's Dreadful Rot  Necr/Alch/Air  18%        N/A       38%         2
 Leda's Liquefaction      Alch/Erth      12%        N/A       38%         4
 Petrify                  Alch/Erth      24%        N/A       38%         4
 Call Imp                 Summ           10%        N/A       56%         2
 Flame Wave               Conj/Fire      16%        2d7       73%         4
 Frozen Ramparts          Ice            10%        1d2       80%         3
 Inner Flame              Hex/Fire       5%         N/A       80%         3
 Volatile Blastmotes      Fire/Tloc      10%        2d10      80%         3
 Sticky Flame             Fire/Alch      8%         2d4       97%         4
 Freezing Cloud           Conj/Ice/Air   7%         6-21      98%         5
 Cause Fear               Hex            2%         N/A       99%         4
 Dispel Undead            Necr           5%         3d7       99%         4
 Martyr's Knell           Necr/Summ      5%         N/A       99%         4
 Metabolic Englaciation   Hex/Ice        2%         N/A       100%        5
 Summon Forest            Summ/Tloc      2%         N/A       100%        5
 Death Channel            Necr           2%         N/A       100%        6
 Eringya's Noxious Bog    Alch           5%         4d6       100%        6
 Starburst                Conj/Fire      8%         6d4       100%        6
 Summon Hydra             Summ           2%         N/A       100%        7
 Maxwell's Capacitive Co  Air            6%         ∞         100%        8


Dungeon Overview and Level Annotations

Branches:
Dungeon (15/15)            Temple (1/1) D:7            Lair (5/5) D:9
  Swamp (3/4) Lair:2       Spider (1/4) Lair:3        Slime (1/5) Lair:4
    Orc (2/2) D:10            Elf (0/3) Orc:2        Vaults (0/5) D:13
  IceCv (visited)
 Depths: D:15

Altars:
Ashenzari
Cheibriados
Dithmenos
Elyvilon
Fedhas
Hepliaklqana
Kikubaaqudgha
Makhleb
Nemelex Xobeh
Okawaru
Qazlal
Ru
Sif Muna
Trog
Uskayaw
Vehumet
Wu Jian
Xom
Yredelemnul
Zin
The Shining One

Shops:
D:3 [:   D:5 *   D:6 *   D:12 (   D:13 !   Orc:1 [   Orc:2 =*[(

Annotations:
D:14 1 runed translucent door, Kaufec's ghost, adept SpDe
D:15 2 transporters, exclusions: orange crystal statue and tengu reaver, Raeqyti's ghost, adept DsIE
Swamp:2 Donald
Spider:1 Jorgrun


Innate Abilities, Weirdness & Mutations

You regain HP and MP as you explore.


Message History

Press: ? - help, Q - select action, (/) - cycle Shift-Dir - straight line, f/p - ghost crab
Aim: a ghost crab (spectral mist, almost destroyed, 85% to hit)
You shoot a bolt. The bolt hits the ghost crab!
The bolt freezes the ghost crab.
You destroy the ghost crab!
Makhleb accepts your kill.
You feel better.
The spectral fenstrider witch fades away!
The spectral spriggan berserker fades away!
You are engulfed in spectral mist.
The fenstrider witch is engulfed in spectral mist.
The fenstrider witch barely misses you.
The fenstrider witch completely misses you.
Your Air Magic skill increases to level 2!
Fire: b) +9 hand cannon (freeze)
Press: ? - help, Q - select action, (/) - cycle Shift-Dir - straight line, f - fenstrider witch
Aim: a fenstrider witch, wearing a +0 robe (spectral mist, severely wounded, 67% to hit)
You shoot a bolt.
The bolt closely misses the fenstrider witch.
You are engulfed in spectral mist.
The fenstrider witch is engulfed in spectral mist.
The fenstrider witch casts a spell at you.
Your body is wracked with pain!
* * * LOW HITPOINT WARNING * * *
The fenstrider witch is engulfed in spectral mist.
The fenstrider witch casts a spell at you.
You suddenly lose the ability to move!
The fenstrider witch hits you but does no damage.
The fenstrider witch kicks you but does no damage.
The fenstrider witch hits you but does no damage.
The fenstrider witch kicks you!
* * * LOW HITPOINT WARNING * * *
The fenstrider witch barely misses you. The fenstrider witch kicks you!
* * * LOW HITPOINT WARNING * * *
The fenstrider witch hits you.
* * * LOW HITPOINT WARNING * * *
The fenstrider witch kicks you but does no damage.
The fenstrider witch hits you but does no damage.
The fenstrider witch kicks you!
You die...

~~~.~§~♣~..♣.♣♣♣.♣..♣♣♣♣
~~~.§§~.~~♣~§.♣.~.♣~.~♣.
.~~.~.....~~.♣.♣~♣.~~§..
♣...~~>.~♣.♣.~~.~~§..~
♣.~..~~.~~..♣♣♣.♣♣♣.~§
♣~~♣..~.~§~♣.♣♣~♣♣♣♣.<
♣♣.°~~♣~~~~♣~~.~.♣ ♣♣~
♣.♣~$H§~♣...~.~.♣♣♣♣♣
♣..~@†.♣~~~§~.~~.♣.♣♣
♣♣~~°§~...~§~.~.~~..♣
♣°~♣♣..♣.~~♣~~..♣~~~
♣♣.~♣♣♣>~...~~§~.~~~~
♣♣..♣♣ ♣.~♣♣##♣♣♣♣♣#♣♣
♣♣~..♣ ♣♣.# ♣♣§~~.♣ ♣~♣
~ ♣♣~.~~.♣ ♣.# .
♣♣~~..~.♣♣♣♣♣~♣ ♣.


You could see a fenstrider witch.

Vanquished Creatures
  Kirke (D:15)
  Agnes (D:15)
  A fenstrider witch (Swamp:2)
  An orc warlord (Orc:2)
  3 ghouls (Swamp:1)
  A reaper (IceCv)
  An ironbound preserver (D:13)
  A broodmother (Spider:1)
  3 eleionomae (Swamp:3)
  4 bunyips
  Nessos (Lair:4)
  Snorg (Lair:4)
  The ghost of Poirhunoest the Peltast, a journeyman HuSu of Sif Muna (Lair:2)
  A fire dragon (Lair:5)
  An entropy weaver (Lair:3)
  A shambling mangrove (Lair:2)
  A catoblepas (Lair:5)
  9 hydras
  6 centaur warriors
  2 ghost crabs
  4 boulder beetles
  9 alligators
  A tengu warrior (D:13)
  3 two-headed ogres
  A deep troll earth mage (D:15)
  3 orc high priests (Orc:2)
  A demonic crawler (Spider:1)
  Sonja (D:13)
  6 goliath frogs
  2 pharaoh ants (Lair:3)
  6 spriggan druids
  4 swamp dragons
  8 bog bodies (Swamp:1)
  Pikel (D:5)
  3 orc knights (Orc:2)
  4 deep elf pyromancers
  5 ugly things
  2 wolf spiders
  3 will-o-the-wisps
  5 orc sorcerers (Orc:2)
  9 spectral spriggans (Swamp:1)
  A cyclops (D:15)
  5 manticores
  8 elephants
  6 meliai (D:13)
  A guardian serpent (Lair:5)
  A kobold blastminer (Orc:2)
  5 black mambas
  A torpor snail (Lair:3)
  2 ice statues (IceCv)
  20 cane toads
  2 gargoyles
  4 rime drakes
  2 unseen horrors
  2 efreet (D:14)
  An anaconda simulacrum (IceCv)
  9 komodo dragons
  Jeremiah (Lair:1)
  A tengu conjurer (D:15)
  2 freezing wraiths (Swamp:1)
  5 ice devils (IceCv)
  5 trolls
  A polar bear (Lair:3)
  5 tyrant leeches
  3 bloated husks
  A queen bee (Orc:1)
  9 blink frogs
  12 hornets
  9 tarantellas
  2 jumping spiders
  2 shadows (D:12)
  9 spriggans
  10 slime creatures
  A centaur simulacrum (D:13)
  8 culicivoras
  56 yaks
  16 wyverns
  A vampire (D:14)
  7 basilisks
  A shapeshifter (D:15)
  A spriggan (shapeshifter) (D:13)
  A dire elephant simulacrum (IceCv)
  3 wraiths
  2 death yak simulacra (IceCv)
  8 redbacks
  A steam dragon (Lair:5)
  10 vampire mosquitoes
  10 swamp worms
  A harpy simulacrum (IceCv)
  4 acid dragons
  26 water moccasins
  3 swamp drakes (Lair:5)
  A sky beast (D:7)
  23 orc warriors
  2 ice beasts
  A black bear (Lair:3)
  6 ogres
  4 wolves (Lair:1)
  5 centaurs
  4 lemures
  A phantom (D:4)
  A kobold brigand (D:9)
  12 bullfrogs
  9 scorpions
  A gnoll sergeant (D:12)
  6 two-headed ogre simulacra
  2 cane toad simulacra
  3 wights
  25 killer bees (Orc:1)
  2 electric eels
  A vampire bat (Lair:1)
  7 jellies
  9 howler monkeys
  6 hounds
  A gnoll bouda (D:7)
  18 orc priests
  Crazy Yiuf (D:7)
  5 iguanas
  24 orc wizards
  A sleepcap (D:7)
  A spriggan simulacrum (D:13)
  2 troll simulacra (IceCv)
  3 polar bear simulacra
  2 wolf simulacra (IceCv)
  9 gnolls
  12 adders
  5 naga simulacra
  3 white imps
  4 ufetubi (IceCv)
  3 ribbon worms
  4 dart slugs
  58 orcs
  10 bats
  11 endoplasms
  7 giant cockroaches
  4 goblins
  6 hobgoblins
  2 jackals (D:1)
  8 kobolds
  8 quokkas
  4 ball pythons
  A frilled lizard (D:3)
  12 rats
789 creatures vanquished.

Vanquished Creatures (collateral kills)
  2 yaks (D:11)
  An iguana (Lair:5)
  An adder (D:5)
4 creatures vanquished.

Vanquished Creatures (others)
  A wolf spider (Spider:1)
  A yak (D:9)
  2 humans (D:15)
  A gnoll (D:2)
  10 foxfires
15 creatures vanquished.

Grand Total: 808 creatures vanquished

Notes
Turn   | Place    | Note
-------+----------+-------------------------------------------
     0 | D:1      | Lobster4 the Human Artificer began the quest for the Orb.
     0 | D:1      | Reached XP level 1. HP: 15/15 MP: 1/1
     1 | D:1      | Found a runed translucent door.
   270 | D:1      | Reached XP level 2. HP: 13/21 MP: 2/2
   417 | D:1      | Reached XP level 3. HP: 26/27 MP: 3/3
  1110 | D:2      | Reached XP level 4. HP: 33/33 MP: 4/4
  2073 | D:3      | Reached XP level 5. HP: 33/39 MP: 5/5
  2332 | D:3      | Found a white marble altar of Elyvilon.
  2350 | D:3      | Found Ytoeciyg's Vocational Training.
  2492 | D:3      | Found Pyhisty's Antique Armour Emporium.
  2687 | D:3      | Identified the +4 ring mail of Jigsaw {MP+9 Str+4}
  2691 | D:3      | Found a blossoming altar of Fedhas.
  2692 | D:3      | Found an ancient bone altar of Kikubaaqudgha.
  2756 | D:3      | Learned a level 1 spell: Sandblast
  2924 | D:4      | Reached skill level 1 in Ranged Weapons
  3006 | D:4      | Reached skill level 1 in Spellcasting
  3006 | D:4      | Reached skill level 1 in Earth Magic
  3006 | D:4      | Reached XP level 6. HP: 7/47 MP: 7/7
  3877 | D:4      | Found a hide-covered altar of Uskayaw.
  3877 | D:4      | Found a stormy altar of Qazlal.
  4096 | D:5      | Entered Level 5 of the Dungeon
  4199 | D:5      | Reached XP level 7. HP: 41/52 MP: 1/9
  4678 | D:5      | Found a bloodstained altar of Trog.
  5092 | D:3      | Bought a pair of glowing gloves for 187 gold pieces
  5161 | D:5      | Got Yhawkat's Papyrus of the Maledictive Gathering
  5628 | D:5      | Found Odotruis's General Store.
  6028 | D:5      | Noticed Pikel
  6201 | D:6      | Reached XP level 8. HP: 53/60 MP: 11/11
  6305 | D:5      | Learned a level 3 spell: Passwall
  6309 | D:5      | Learned a level 3 spell: Stone Arrow
  6377 | D:6      | Found Liakehin's Assorted Antiques.
  7364 | D:6      | Reached skill level 5 in Armour
  7421 | D:6      | Reached skill level 1 in Short Blades
  7519 | D:6      | Found a shimmering altar of Xom.
  7894 | D:7      | Identified a scroll of acquirement
  7894 | D:7      | Acquired a +5 hand cannon of freezing
  8021 | D:7      | Reached skill level 5 in Fighting
  8026 | D:7      | Reached skill level 5 in Dodging
  8032 | D:7      | Reached skill level 1 in Conjurations
  8032 | D:7      | Reached XP level 9. HP: 49/68 MP: 13/13
  8051 | D:7      | Reached skill level 2 in Ranged Weapons
  8167 | D:7      | Found a staircase to the Ecumenical Temple.
  8183 | Temple   | Entered the Ecumenical Temple
  8197 | Temple   | Became a worshipper of Makhleb the Destroyer
  8570 | D:7      | You fall into a shaft and drop 1 floor!
  8720 | D:7      | Reached skill level 1 in Invocations
  8794 | D:7      | Found a runed translucent door.
  8795 | D:7      | Noticed Crazy Yiuf
  8958 | D:7      | Killed Crazy Yiuf
  9088 | D:3      | Bought a pair of boots for 112 gold pieces
  9802 | D:8      | Found an iron altar of Okawaru.
  9839 | D:8      | Noticed a skeletal warrior
  9839 | D:8      | Noticed a skeletal warrior
  9839 | D:8      | Noticed a skeletal warrior
  9978 | D:5      | Killed Pikel
  9979 | D:5      | Reached skill level 3 in Ranged Weapons
  9979 | D:5      | Reached skill level 5 in Earth Magic
 10080 | D:1      | Reached * piety under Makhleb
 10188 | D:5      | Bought a scroll of teleportation for 45 gold pieces
 10637 | D:9      | Reached XP level 10. HP: 74/74 MP: 15/15
 10650 | D:9      | Reached skill level 4 in Ranged Weapons
 10801 | D:9      | Found a staircase to the Lair.
 10889 | D:9      | Found a sacrificial altar of Ru.
 11367 | D:10     | Entered Level 10 of the Dungeon
 11434 | D:10     | Reached ** piety under Makhleb
 11446 | D:10     | Reached skill level 5 in Ranged Weapons
 11588 | D:10     | Reached XP level 11. HP: 59/79 MP: 18/18
 11785 | D:10     | Reached skill level 5 in Spellcasting
 11785 | D:10     | Reached skill level 5 in Conjurations
 11785 | D:10     | Reached skill level 5 in Invocations
 11979 | D:10     | Noticed a two-headed ogre
 11984 | D:10     | Killed a two-headed ogre
 12019 | D:10     | Found a staircase to the Orcish Mines.
 12090 | D:10     | Found a basalt altar of Yredelemnul.
 12260 | D:11     | Noticed a boulder beetle
 12278 | D:11     | Killed a boulder beetle
 12434 | D:11     | Noticed a two-headed ogre
 12437 | D:11     | Killed a two-headed ogre
 12438 | D:11     | Reached skill level 6 in Ranged Weapons
 12626 | D:11     | Reached *** piety under Makhleb
 12861 | D:11     | Noticed a manticore
 12866 | D:11     | Killed a manticore
 13078 | D:12     | Noticed a centaur warrior
 13083 | D:12     | Killed a centaur warrior
 13084 | D:12     | Reached skill level 7 in Ranged Weapons
 13200 | D:12     | Found Zaucw's Antique Weapon Emporium.
 13231 | D:12     | Noticed a seven-headed hydra
 13346 | D:12     | Killed a seven-headed hydra
 13347 | D:12     | Reached XP level 12. HP: 38/86 MP: 19/19
 13795 | D:11     | Reached skill level 8 in Ranged Weapons
 13925 | Lair:1   | Entered Level 1 of the Lair of Beasts
 14048 | Lair:1   | Reached **** piety under Makhleb
 14162 | Lair:1   | Reached skill level 10 in Armour
 14241 | Lair:1   | Noticed Jeremiah
 14253 | Lair:1   | Killed Jeremiah
 14526 | Lair:1   | Reached skill level 9 in Ranged Weapons
 14897 | Lair:2   | Reached skill level 10 in Earth Magic
 15278 | Lair:2   | Noticed a four-headed hydra
 15437 | Lair:2   | Reached XP level 13. HP: 15/91 MP: 20/20
 15664 | Lair:2   | Reached skill level 10 in Ranged Weapons
 15669 | Lair:2   | Reached skill level 5 in Evocations
 15826 | D:12     | Bought an ichor-stained spear for 264 gold pieces
 15826 | D:12     | Identified the +8 spear of Kebosylo {flame, +Blink} (You
                  | bought it in a shop on level 12 of the Dungeon)
 16015 | D:13     | Found a frozen archway.
 16032 | IceCv    | Entered an ice cave
 16042 | IceCv    | Reached ***** piety under Makhleb
 16058 | IceCv    | Reached skill level 1 in Polearms
 16614 | IceCv    | Noticed a reaper
 16622 | IceCv    | Killed a reaper
 16623 | IceCv    | Reached skill level 1 in Shields
 16999 | D:13     | Noticed Sonja
 17196 | D:13     | Killed Sonja
 17496 | D:13     | Found Hoin's Distillery.
 17538 | D:13     | Noticed an ironbound preserver
 17914 | D:13     | Killed an ironbound preserver
 17926 | D:13     | Reached skill level 11 in Ranged Weapons
 17928 | D:13     | Reached XP level 14. HP: 65/98 MP: 23/23
 18027 | D:13     | Found a gate to the Vaults.
 18226 | D:13     | Bought a potion of cancellation for 88 gold pieces
 18650 | Lair:2   | Found a runed translucent gate.
 18650 | Lair:2   | Found a runed translucent gate.
 18650 | Lair:2   | Found a runed translucent gate.
 18652 | Lair:2   | Noticed Poirhunoest's ghost (journeyman HuSu)
 18895 | Lair:2   | Found a staircase to the Swamp.
 19638 | Lair:3   | Found a hole to the Spider Nest.
 19903 | Lair:3   | Reached skill level 5 in Polearms
 20251 | Lair:4   | Noticed Nessos
 20252 | Lair:4   | Reached skill level 5 in Shields
 20256 | Lair:4   | Noticed Snorg
 20260 | Lair:4   | Killed Nessos
 20266 | Lair:4   | Killed Snorg
 20358 | Lair:4   | Found a blossoming altar of Fedhas.
 20667 | Lair:4   | Found a staircase to the Slime Pits.
 21243 | Lair:5   | Entered Level 5 of the Lair of Beasts
 21279 | Slime:1  | Entered Level 1 of the Pits of Slime
 21279 | Slime:1  | Noticed a rockslime
 21279 | Slime:1  | Noticed a rockslime
 21724 | Lair:5   | Reached skill level 10 in Dodging
 21747 | Lair:5   | Reached skill level 12 in Ranged Weapons
 21960 | Lair:5   | Reached ****** piety under Makhleb
 21990 | Lair:5   | Learned a level 4 spell: Brom's Barrelling Boulder
 22050 | Lair:5   | Reached XP level 15. HP: 89/103 MP: 24/24
 22689 | Lair:5   | Acquired 489 gold pieces
 23302 | Orc:1    | Entered Level 1 of the Orcish Mines
 23314 | Orc:1    | Found Xaerumnu's Antique Armour Boutique.
 23388 | Orc:1    | Bought a translucent robe for 114 gold pieces
 23388 | Orc:1    | Identified the +1 robe of Inlya {rC+ rN+ rCorr} (You bought
                  | it in a shop on level 1 of the Orcish Mines)
 23949 | Orc:2    | Entered Level 2 of the Orcish Mines
 23954 | Orc:2    | Reached skill level 13 in Ranged Weapons
 24054 | Orc:2    | Found a staircase to the Elven Halls.
 24308 | Orc:2    | Noticed an orc warlord
 24473 | Orc:2    | Killed an orc warlord
 24652 | Orc:2    | Reached skill level 14 in Ranged Weapons
 25070 | Orc:2    | Found Tuaq's Antique Armour Shop.
 25071 | Orc:2    | Found Risoryh's Antique Weapon Boutique.
 25073 | Orc:2    | Found Macker's General Store.
 25073 | Orc:2    | Found Rijoihua's Jewellery Shop.
 25222 | Orc:2    | Bought a fine scale mail for 288 gold pieces
 25222 | Orc:2    | Identified the +4 scale mail of the Game of Life {rPois rN+
                  | rCorr MP+9} (You bought it in a shop on level 2 of the
                  | Orcish Mines)
 25222 | Orc:2    | Bought a bloodstained scale mail for 288 gold pieces
 25222 | Orc:2    | Identified the +0 scale mail of the Evening Star {-Cast rN+
                  | Dex+4} (You bought it in a shop on level 2 of the Orcish
                  | Mines)
 25413 | Lair:2   | Killed Poirhunoest's ghost
 25788 | D:14     | Found a runed translucent door.
 25788 | D:14     | Found a shimmering altar of Xom.
 25788 | D:14     | Noticed Kaufec's ghost (adept SpDe)
 26211 | D:14     | Found a sparkling altar of Nemelex Xobeh.
 26304 | D:15     | Entered Level 15 of the Dungeon
 26348 | D:15     | Found a transporter.
 26372 | D:15     | Noticed Agnes
 26384 | D:15     | Killed Agnes
 26844 | D:15     | Noticed Kirke
 26849 | D:15     | Noticed a sphinx
 26849 | D:15     | Killed Kirke
 27033 | D:15     | Found a transporter.
 27042 | D:15     | Identified the +4 scale mail "Segash" {+Blink rC++ Int-2
                  | Slay-5}
 27057 | D:15     | Noticed Raeqyti's ghost (adept DsIE)
 27167 | D:15     | Noticed a tengu reaver
 27446 | Swamp:1  | Entered Level 1 of the Swamp
 27791 | Orc:2    | Bought a ring of flight for 210 gold pieces
 27959 | Swamp:1  | Reached XP level 16. HP: 113/113 MP: 26/26
 27989 | Swamp:1  | Reached skill level 15 in Ranged Weapons
 28150 | Swamp:1  | You are sucked into a shaft and drop 1 floor!
 30846 | Swamp:2  | Noticed Donald
 30950 | Swamp:2  | Identified the +5 broad axe of Hutann {antimagic, rF+ Str+4
                  | Dex+2 Stlth+}
 31202 | Swamp:3  | Noticed a fenstrider witch
 31209 | Swamp:3  | Paralysed by a fenstrider witch for 5 turns
 31223 | Swamp:2  | Killed a fenstrider witch
 31224 | Swamp:2  | Reached skill level 16 in Ranged Weapons
 31738 | Spider:1 | Entered Level 1 of the Spider Nest
 31782 | Lair:3   | HP: 5/120 [entropy weaver (3)]
 32315 | Spider:1 | Reached XP level 17. HP: 127/127 MP: 27/27
 32359 | Spider:1 | Learned a level 3 spell: Mephitic Cloud
 32746 | Spider:1 | Noticed Jorgrun
 33197 | D:6      | Bought a potion of heal wounds for 155 gold pieces
 33366 | D:13     | Bought a potion of heal wounds for 55 gold pieces
 33366 | D:13     | Bought a potion of heal wounds for 55 gold pieces
 33584 | Swamp:3  | Reached skill level 1 in Air Magic
 33584 | Swamp:3  | Reached skill level 1 in Alchemy
 33692 | Swamp:3  | Reached skill level 10 in Fighting
 33706 | Swamp:3  | Paralysed by a fenstrider witch for 5 turns
 33710 | Swamp:3  | Slain by a fenstrider witch

Illustrated notes

Levels and vault maps discovered:
D:1:      dpeg_arrival_caged_fury, layout_basic
D:2:      layout_loops_cross
D:3:      layout_loops_ring, grunt_temple_overflow_growth_and_decay,
          mainiacjoe_overflow_small_starburst, serial_shops,
          nicolae_shop_behind_doors, nicolae_shop_vocational
D:4:      layout_rooms, nicolae_overflow_two_pavilions, serial_corexii_hall,
          chequers_hall_statues_y, corexii_hall_statues_x,
          corexii_hall_statues_l, corexii_hall_statues_deadend,
          chequers_hall_statues_y, corexii_hall_statues_i,
          kennysheep_flooded_box
D:5:      layout_gridville, trog_butcher_becter, serial_shops,
          nicolae_shop_behind_doors, kennysheep_generic_room_4, uniq_pikel
D:6:      layout_gridville, mainiacjoe_overflow_brackets, serial_shops, shop
D:7:      layout_loops_ring, minmay_temple_entry_grid, nicolae_hexahallways,
          hex_large, kennysheep_pointless_box, uniq_crazy_yiuf_cottage
D:8:      layout_basic, grunt_temple_overflow_opulence,
          mainiacjoe_overflow_chevrons, nicolae_underground_beach
D:9:      layout_irregular_city, lemuel_tele_altar, minmay_lair_entry_grove
D:10:     layout_rooms, mainiacjoe_overflow_alcove_1, orc_0_dummy,
          dk_rats_in_the_wall
D:11:     layout_irregular_city, serial_glass, glass_columns_a, glass_columns_c,
          glass_columns_c, glass_columns_a, glass_columns_a, glass_columns_a,
          fungi_pond_lemuel
D:12:     layout_basic, serial_shops, nicolae_shop_just_a_little_nook
D:13:     layout_basic, skrybe_vaults_entry_preservation,
          portal_ice_cave_entry_ice_simulacra, serial_shops, shop_statue,
          uniq_sonja
D:14:     layout_basic, ebering_ghost_xom, kennysheep_small_spiral,
          nemelex_diamond_rough_becter
D:15:     hellmonk_depths_entry_around_the_bend, layout_irregular_city,
          nzn_ghost_randoct, uniq_agnes, uniq_kirke
Temple:   chequers_temple_sunken
Lair:1:   layout_gridlike, serial_rivers, chequers_serial_rivers_room_a,
          chequers_serial_rivers_small_b, chequers_serial_rivers_small_a,
          chequers_serial_rivers_marsh, chequers_serial_rivers_micro_b,
          roderic_batcave, grunt_megastairs_3, uniq_jeremiah
Lair:2:   layout_chaotic_city, mainiacjoe_swamp_entry_angry_trees,
          ebering_ghost_rock_garden
Lair:3:   layout_cave_pods, nicolae_spider_entry_lesser_pyramids
Lair:4:   layout_cave_pods, nicolae_slime_entry_field_trip, basic_altar,
          uniq_nessos, uniq_snorg
Lair:5:   guppyfry_lair_end_dragon, layout_regular_city,
          hangedman_lair_tendril_chambers
Swamp:1:  nicolae_swamp_flooded_prison, layout_falls_marsh, serial_swamp_ruin,
          hangedman_swamp_ruin_wall, evilmike_swamp_ruin_rubble_2,
          infiniplex_staircase_pool
Swamp:2:  layout_basic_swamp, evilmike_swamp_ruin_house_1,
          nicolae_swamp_orc_logging_accident, uniq_donald
Swamp:3:  nzn_winding_woodlands_medium [nzn_winding_woodlands_5x5_three,
          nzn_winding_woodlands_5x15_zeroes,
          nzn_winding_woodlands_5x5_closed_star,
          nzn_winding_woodlands_5x5_checkerboard,
          nzn_winding_woodlands_center_diamonds,
          nzn_winding_woodlands_5x5_cross, nzn_winding_woodlands_hourglass,
          nzn_winding_woodlands_5x15_sawtooth,
          nzn_winding_woodlands_5x5_open_star], layout_falls_marsh,
          nicolae_swamp_dense_foliage
Spider:1: layout_cave_pods, nicolae_spider_webbed_stairs,
          hangedman_spider_tarantella_strand, uniq_frances, uniq_jorgrun,
          uniq_mlioglotl
Slime:1:  layout_caves
Orc:1:    layout_caves, basic_altar, special_room [special_room_bee],
          serial_shops, nicolae_shop_overgrown_old_shop
Orc:2:    st_orc_congregation, layout_diamond_mine

Skill      XL: |  1  2  3  4  5  6  7  8  9 10 11 12 13 14 15 16 17 |
---------------+----------------------------------------------------+-----
Fighting       | 2 3 4 5 6 9 10 | 10.0
Dodging        | 2 3 4 5 6 7 8 10 | 10.0
Armour         | 3 4 5 6 7 9 10 11 12 | 12.0
Ranged Weapons | 1 3 5 7 9 11 12 14 16 | 16.4
Spellcasting   | 1 2 3 4 5 6 7 |  7.0
Earth Magic    | 1 3 4 5 6 8 10 | 10.0
Short Blades   | 1 2 3 |  3.0
Conjurations   | 1 3 4 5 6 7 |  7.0
Evocations     | 4 5 |  5.0
Invocations    | 3 4 5 7 |  7.0
Polearms       | 4 6 |  6.0
Shields        | 3 6 7 |  7.0
Air Magic      | 2 |  2.0
Alchemy        | 1 |  1.9
Stealth        | |  1.0

Action                     |  1- 3 |  4- 6 |  7- 9 | 10-12 | 13-15 | 16-18 || total
---------------------------+-------+-------+-------+-------+-------+-------++-------
  Melee: Short sword       |    77 |    60 |    10 |       |       |       ||   147
         Club              |     7 |       |       |       |       |       ||     7
         Punch             |     2 |       |       |       |       |       ||     2
         Dagger            |     1 |       |    71 |       |       |       ||    72
         Trident           |       |       |    21 |       |       |       ||    21
         Unarmed           |       |       |     7 |       |       |       ||     7
   Fire: Sling             |    13 |   205 |   132 |       |       |       ||   350
         Hand cannon       |       |       |   135 |   433 |  1151 |   566 ||  2285
  Throw: Throwing net      |       |       |       |       |       |     1 ||     1
   Cast: Sandblast         |       |    40 |   101 |       |       |       ||   141
         Stone Arrow       |       |       |       |       |       |     4 ||     4
 Invoke: Minor Destruction |       |       |       |     1 |       |     2 ||     3
         Lesser Servant of |       |       |       |       |     1 |       ||     1
  Evoke: Wand              |     8 |     8 |    11 |     5 |    11 |     7 ||    50
         Phial of floods   |       |       |       |     1 |     1 |     1 ||     3
         Box of beasts     |       |       |       |       |       |     1 ||     1
    Use: Scroll            |       |     5 |    12 |     9 |    17 |     8 ||    51
         Potion            |       |       |       |     1 |     5 |     3 ||     9
   Stab: Sleeping          |     2 |       |       |       |       |       ||     2
 Armour: Leather armour    |    55 |    51 |       |       |       |       ||   106
         Ring mail         |       |   111 |   288 |   249 |   496 |       ||  1144
         Skin              |       |       |     2 |       |       |       ||     2
         Scale mail        |       |       |       |       |   112 |   524 ||   636
  Dodge: Dodged            |    43 |   159 |   269 |   178 |   478 |   260 ||  1387
  Block: Other             |       |       |    10 |    57 |     4 |       ||    71
         Reflection        |       |       |       |     2 |    24 |     6 ||    32
         Buckler           |       |       |       |       |   470 |   300 ||   770

Table legend: (Time is in decaauts)
 A = Elapsed time spent in this place.
 B = Non-inter-level travel time spent in this place.
 C = Inter-level travel time spent in this place.
 D = Time resting spent in this place.
 E = Time spent auto-exploring this place.
 F = Levels seen in this place.
 G = Mean time per level.
                   A        B        C        D        E       F      G
               +--------+--------+--------+--------+--------+-----+--------+
         Total |  35072 |  31659 |   3413 |   6691 |  17607 |  29 | 1209.4 |
       Dungeon |  18778 |  16587 |   2191 |   2502 |  10405 |  15 | 1251.9 |
        Temple |     24 |     15 |      9 |      0 |      0 |   1 |   24.0 |
          Lair |   8358 |   7672 |    686 |   1586 |   4629 |   5 | 1671.6 |
         Swamp |   4124 |   3915 |    209 |   1514 |   1301 |   3 | 1374.7 |
   Spider Nest |    548 |    548 |      0 |    274 |    123 |   1 |  548.0 |
    Slime Pits |      1 |      1 |      0 |      0 |      0 |   1 |    1.0 |
  Orcish Mines |   2242 |   1927 |    315 |    369 |    995 |   2 | 1121.0 |
      Ice Cave |    994 |    994 |      0 |    444 |    154 |   1 |  994.0 |
               +--------+--------+--------+--------+--------+-----+--------+

Top non-repeatable levels by time:
     D:5: 2775 daAuts
 Swamp:1: 2572 daAuts
  Lair:2: 2211 daAuts
  Lair:5: 1975 daAuts
  Lair:3: 1848 daAuts
    D:13: 1690 daAuts
     D:6: 1534 daAuts
     D:4: 1436 daAuts
   Orc:2: 1372 daAuts
     D:7: 1214 daAuts
  Lair:4: 1193 daAuts
     D:9: 1173 daAuts
     D:1: 1151 daAuts
 Swamp:2: 1148 daAuts
  Lair:1: 1129 daAuts
